 Dungeon Crawl Stone Soup version 0.21-a0-150-gc243083 (webtiles) character file.

10441 Leszczynek the Grappler (level 11, -2/109 HPs)
             Began as a Troll Skald on July 27, 2017.
             Was a Believer of Makhleb.
             Slain by a tengu warrior
             ... wielding a +0 battleaxe
              (3 damage)
             ... on level 12 of the Dungeon.
             The game lasted 00:28:51 (4885 turns).

Leszczynek the Grappler (Troll Skald)               Turns: 4885, Time: 00:28:52

Health: -2/109     AC:  9    Str: 21    XL:     11   Next: 36%
Magic:  15/15      EV: 14    Int:  9    God:    Makhleb [**....]
Gold:   571        SH:  0    Dex: 12    Spells: 4/12 levels left

rFire    . . .     SeeInvis .     - Unarmed
rCold    . . .     Gourm    +   (no shield)
rNeg     . . .     Faith    .   N - +2 troll leather armour
rPois    +         Spirit   .   (helmet restricted)
rElec    .         Reflect  .   (no cloak)
rCorr    .         Harm     .   (gloves unavailable)
MR       .....                  (boots unavailable)
Stlth    +.........             r - amulet of regeneration
HPRegen  1.48/turn              z - +2 ring of evasion
MPRegen  0.14/turn              x - ring of poison resistance

@: no status effects
A: unfitting armour, claws 3, fast metabolism 3, gourmand, regeneration 1,
shaggy fur 1, tough skin 2
a: Minor Destruction, Renounce Religion


You were on level 12 of the Dungeon.
You worshipped Makhleb.
Makhleb was pleased with you.
You were very full.

You visited 2 branches of the dungeon, and saw 14 of its levels.
You also visited: Sewer.

You collected 571 gold pieces.

Inventory:

Missiles
 c - 7 large rocks (quivered)
 n - 131 sling bullets
 o - 49 bolts
Armour
 N - a +2 troll leather armour (worn)
Jewellery
 b - an uncursed ring of see invisible
 r - an amulet of regeneration (around neck)
 x - a ring of poison resistance (right claw)
 z - a +2 ring of evasion (left claw)
Wands
 t - a wand of confusion (18/48)
 A - a wand of acid (3/15)
 C - a wand of confusion (24/48)
 D - a wand of polymorph (12/24)
 E - a wand of confusion (15/48)
 F - a wand of confusion (29/48)
 H - a wand of confusion (14/48)
 J - a wand of lightning (10/15)
 K - a wand of flame (18/48)
Scrolls
 e - 4 scrolls of immolation {!r}
 f - a scroll of amnesia {unknown}
 g - a scroll of blinking {unknown}
 i - a scroll of recharging {unknown}
 k - a scroll of magic mapping {unknown}
 m - 2 scrolls of teleportation
 p - 5 scrolls of remove curse {@r2}
 s - 2 scrolls of fear
 y - a scroll of random uselessness {unknown}
 L - a scroll of enchant weapon {unknown}
Potions
 h - 3 potions of flight
 l - a potion of ambrosia
 q - 2 potions of curing {@q1}
 u - a potion of haste
 B - a potion of mutation {!q}
 I - a potion of brilliance {unknown}
Comestibles
 a - 4 chunks of flesh
 d - 9 bread rations
 v - 5 meat rations
 w - 2 royal jellies
 G - a fruit


   Skills:
 + Level 7.0 Fighting
 + Level 6.1 Dodging
 * Level 12.2 Unarmed Combat
 - Level 1.2 Spellcasting
 - Level 2.0 Charms
 - Level 7.0 Invocations


You had 4 spell levels left.
You knew the following spells:

 Your Spells              Type           Power        Failure   Level  Hunger
a - Infusion              Chrm           #...         19%         1    ##.....
b - Shroud of Golubria    Chrm/Tloc      #.........   38%         2    ###....
q - Regeneration          Chrm/Necr      #.........   63%         3    ####...
P - Swiftness             Chrm/Air       #.......     38%         2    ###....


Dungeon Overview and Level Annotations

Branches:
Dungeon (13/15)            Temple (1/1) D:7            Lair (0/6) D:10
    Orc (0/2) D:9
 Vaults: D:13-14

Altars:
Ashenzari
Cheibriados
Elyvilon
Kikubaaqudgha
Makhleb
Nemelex Xobeh
Okawaru
Qazlal
Ru
Sif Muna
Uskayaw
Vehumet
Wu Jian
Xom
Yredelemnul
Zin
The Shining One

Annotations:
D:13 nasty shit everywhere!


Innate Abilities, Weirdness & Mutations

You are too large for most types of armour.
You have claws for hands.
Your metabolism is lightning-fast.
You like to eat raw meat.
Your natural rate of healing is unusually fast.
You are covered in fur. (AC +1)
You have very tough skin. (AC +2)


Message History

You kill the orc!
Makhleb accepts your kill.
You feel better.
This wand has 4 charges left.
The tengu warrior hits you with a battleaxe!
* * * LOW HITPOINT WARNING * * *
The tengu warrior pecks you but does no damage.
The tengu warrior barely misses you.
Unknown command.
Evoke which item? (* to show all) (? for menu, Esc to quit)
Aiming: Corrosive Bolt
Press: ? - help, Shift-Dir - straight line, f - tengu warrior
Aim: a tengu warrior, wielding a battleaxe and wearing a leather armour (almost dead)
The bolt of acid misses the tengu warrior.
This wand has 3 charges left.
The tengu warrior hits you with a battleaxe!!
* * * LOW HITPOINT WARNING * * *
The tengu warrior pecks you.
* * * LOW HITPOINT WARNING * * *
The tengu warrior claws you.
You die...

############# ####
............###≈≈##
............##≈≈≈≈####
.............).oQ....#
............≈≈≈≈@≈≈≈##
............#≈≈≈.≈≈≈≈###
#.............≈≈.......#
....###..#)......≈≈.≈≈≈#
....# #..#.≈≈.≈≈.....≈≈≈
....# #....#≈.≈≈.≈≈..≈≈#
....# ##.≈###.≈≈≈≈≈..≈##
....###≈.≈≈##.≈≈≈≈≈..##
....##≈≈.≈≈≈#........#


You could see a tengu warrior and an orc.

Vanquished Creatures
  A centaur warrior (D:13)
  A manticore (D:13)
  A deep elf mage (D:13)
  Psyche (D:9)
  A gargoyle (D:12)
  A tengu conjurer (D:12)
  3 trolls
  4 hippogriffs
  A hornet (D:12)
  Prince Ribbit (D:9)
  The ghost of p0werm0de the Ducker, an amateur DECK of Xom (D:6)
  2 wyverns
  3 yaks (D:9)
  2 hungry ghosts
  A soldier ant (D:13)
  3 water moccasins
  2 ice beasts
  A porcupine (D:10)
  2 orc warriors
  A black bear (D:12)
  3 phantoms
  3 sky beasts
  2 ogres
  5 centaurs
  A big kobold (D:12)
  A gnoll sergeant (D:4)
  5 bullfrogs
  2 troll zombies (D:9)
  2 scorpions
  18 killer bees
  4 wights (D:7)
  3 electric eels (D:12)
  6 crimson imps
  2 centaur zombies
  4 jellies
  A bullfrog zombie (D:12)
  2 centaur skeletons
  3 hounds
  2 orc priests (D:3)
  2 bullfrog skeletons
  Terence (D:2)
  3 orc wizards
  4 worker ants
  4 ogre zombies (D:9)
  11 gnolls
  A river rat (D:4)
  7 adders
  An adder zombie (D:7)
  3 adder skeletons
  5 worms
  6 leopard geckos
  14 orcs
  6 ball pythons
  4 giant cockroaches
  6 goblins
  4 hobgoblins
  14 jackals
  11 kobolds
  2 quokkas
  4 bats
  2 frilled lizards (D:1)
  4 goblin zombies (D:9)
  2 hobgoblin zombies (D:9)
  2 jackal skeletons
  4 orc skeletons (D:9)
  2 orc zombies (D:9)
  5 rats
236 creatures vanquished.

Notes
Turn   | Place    | Note
-------+----------+-------------------------------------------
     0 | D:1      | Leszczynek the Troll Skald began the quest for the Orb.
     0 | D:1      | Reached XP level 1. HP: 19/19 MP: 1/1
   159 | D:1      | Reached XP level 2. HP: 21/27 MP: 2/2
   167 | D:1      | Learned a level 2 spell: Shroud of Golubria
   182 | D:2      | Reached skill level 3 in Unarmed Combat
   200 | D:2      | Noticed Terence
   259 | D:1      | if it wasn't a flail of fucking draining
   259 | D:1      | i'd just kill him
   398 | D:2      | Reached XP level 3. HP: 31/33 MP: 3/3
   631 | D:3      | "regen
   648 | D:3      | Reached skill level 4 in Unarmed Combat
   697 | D:3      | Reached XP level 4. HP: 25/41 MP: 4/4
   732 | D:3      | Reached skill level 5 in Unarmed Combat
   745 | D:3      | fucking d:3 double orc priests
   752 | D:3      | and an elec whip orc
   824 | D:3      | Reached XP level 5. HP: 48/48 MP: 2/5
   876 | D:2      | Killed Terence
  1040 | D:4      | Found a glowing drain.
  1091 | D:4      | Reached skill level 6 in Unarmed Combat
  1103 | D:4      | Reached XP level 6. HP: 23/55 MP: 6/6
  1153 | D:4      | and here i was wondering what the gnoll serial levels looked like
  1153 | D:4      | now i fucking now
  1153 | D:4      | d:4 gnoll sergeant pack lol
  1209 | Sewer    | Entered a sewer
  1209 | Sewer    | Noticed Wingboner's ghost (amateur DsTm)
  1241 | D:4      | great
  1340 | D:4      | Reached skill level 7 in Unarmed Combat
  1373 | D:5      | Entered Level 5 of the Dungeon
  1480 | D:5      | Noticed an ice beast
  1509 | D:5      | fuck this hurts
  1525 | D:5      | Killed an ice beast
  1528 | D:5      | Reached XP level 7. HP: 46/62 MP: 7/7
  1643 | D:6      | Reached skill level 8 in Unarmed Combat
  1667 | D:6      | Noticed p0werm0de's ghost (amateur DECK)
  1667 | D:6      | god damn it man
  1928 | D:6      | nice potion of haste on an orc warrior with plate and battleaxe there
  1928 | D:6      | so i have to use one of my own, cool
  1967 | D:6      | =EV+2
  1990 | D:5      | Reached skill level 9 in Unarmed Combat
  2049 | D:5      | Reached skill level 2 in Fighting
  2049 | D:5      | Reached skill level 2 in Dodging
  2061 | D:5      | Reached XP level 8. HP: 54/74 MP: 8/8
  2119 | D:5      | Reached skill level 3 in Dodging
  2137 | D:5      | =rpois
  2192 | D:7      | Reached skill level 3 in Fighting
  2318 | D:9      | Found a shattered altar of Ashenzari.
  2318 | D:9      | Noticed a hippogriff
  2325 | D:9      | Killed a hippogriff
  2326 | D:9      | what, ash again?
  2326 | D:9      | please no
  2379 | D:7      | Reached skill level 4 in Dodging
  2384 | D:7      | Reached skill level 10 in Unarmed Combat
  2390 | D:7      | Reached skill level 4 in Fighting
  2390 | D:7      | Reached XP level 9. HP: 84/84 MP: 9/9
  2584 | D:7      | Found a staircase to the Ecumenical Temple.
  2589 | Temple   | Entered the Ecumenical Temple
  2590 | Temple   | finally
  2601 | Temple   | and as usual, if it's temple, makhleb takes priority
  2618 | Temple   | Became a worshipper of Makhleb the Destroyer
  2770 | D:6      | Killed p0werm0de's ghost
  2989 | D:8      | Reached skill level 5 in Dodging
  3026 | D:8      | Reached skill level 11 in Unarmed Combat
  3107 | D:8      | Reached skill level 1 in Invocations
  3177 | D:9      | 4th wand of confusion
  3177 | D:9      | found 5 wands total so far
  3177 | D:9      | Noticed Psyche
  3187 | D:9      | Found a staircase to the Orcish Mines.
  3200 | D:9      | wow those teleports are sure extremely fair
  3220 | D:9      | Reached skill level 5 in Fighting
  3220 | D:9      | Reached skill level 2 in Invocations
  3228 | D:9      | Reached skill level 3 in Invocations
  3243 | D:9      | Reached XP level 10. HP: 43/96 MP: 11/11
  3337 | D:8      | Reached * piety under Makhleb
  3485 | D:8      | Reached skill level 4 in Invocations
  3668 | D:9      | Killed Psyche
  3669 | D:9      | Noticed Prince Ribbit
  3797 | D:9      | Killed Prince Ribbit
  3903 | D:10     | Entered Level 10 of the Dungeon
  3931 | D:11     | Noticed a two-headed ogre
  3952 | D:10     | Reached skill level 5 in Invocations
  3984 | D:10     | confusion wand number 5
  3990 | D:10     | Reached skill level 6 in Fighting
  4034 | D:10     | Found a staircase to the Lair.
  4212 | D:11     | Reached skill level 6 in Invocations
  4226 | D:11     | Reached ** piety under Makhleb
  4355 | D:11     | Learned a level 2 spell: Swiftness
  4359 | D:11     | Learned a level 3 spell: Regeneration
  4489 | D:13     | Noticed a manticore
  4509 | D:13     | HP: 15/100 [manticore (17)]
  4512 | D:13     | Killed a manticore
  4512 | D:13     | Reached skill level 7 in Invocations
  4512 | D:13     | Reached XP level 11. HP: 36/107 MP: 15/15
  4531 | D:13     | one hit kill on manticore, but only AFTER i had to use 2 !HW
  4531 | D:13     | fucking rng
  4552 | D:13     | Noticed a deep elf mage
  4561 | D:13     | Killed a deep elf mage
  4588 | D:13     | Noticed a centaur warrior
  4592 | D:13     | Noticed a death knight
  4599 | D:13     | Killed a centaur warrior
  4652 | D:12     | Found a stormy altar of Qazlal.
  4672 | D:12     | Reached skill level 12 in Unarmed Combat
  4774 | D:12     | Paralysed by a hornet for 2 turns
  4782 | D:12     | Paralysed by a hornet for 1 turns
  4783 | D:12     | Reached skill level 6 in Dodging
  4861 | D:13     | Noticed a brown ugly thing
  4861 | D:13     | Noticed a tengu warrior
  4862 | D:13     | oh ok
  4865 | D:12     | Reached skill level 7 in Fighting
  4884 | D:12     | HP: 19/109 [tengu warrior/battleaxe (14)]
  4885 | D:12     | HP: 2/109 [tengu warrior/battleaxe (18)]
  4885 | D:12     | Slain by a tengu warrior

Vault maps used:
D:1:      dpeg_arrival_line_fractal, minmay_fountain_box,
          kennysheep_small_spiral
D:2:      serial_bayou, serial_bayou_shore_b, serial_bayou_pond_e,
          serial_bayou_shore_a, serial_bayou_pond_c, first_bread,
          minmay_misc_feat_plants, minmay_vboxes, uniq_terence
D:3:      lemuel_round_altar, hex_tiny
D:4:      portal_sewer_entry_c, wad_floor_pattern_1, lightli_minifort,
          uniq_natasha, uniq_eustachio
D:6:      nicolae_benzene_ring, kennysheep_nub
D:7:      temple_doors_e, serial_glass, glass_columns_c, glass_columns_a,
          grunt_livestock, glass_columns_b, minivault_22
D:8:      grunt_ministairs_7, minivault_23
D:9:      zombieorc2_lemuel, evilmike_ruin_ashenzari, uniq_grum,
          uniq_prince_ribbit1, uniq_psyche
D:10:     grunt_lair_entry_orc_guard_hut
D:12:     basic_altar
D:13:     david_vaults_5, basic_altar, serial_shops, kennysheep_mini
Temple:   nicolae_temple_the_god_donut
Sewer:    kennysheep_door_sewer

Skill      XL: |  1  2  3  4  5  6  7  8  9 10 11 |
---------------+----------------------------------+-----
Unarmed Combat | 3 4 5 6 7 9 10 11 12 | 12.2
Fighting       | 2 4 5 6 7 |  7.0
Dodging        | 2 4 5 6 |  6.1
Invocations    | 3 7 |  7.0
Spellcasting   | |  1.2
Charms         | |  2.0

Action                   |  1- 3 |  4- 6 |  7- 9 | 10-12 || total
-------------------------+-------+-------+-------+-------++-------
Melee: Unarmed           |   108 |   167 |   249 |   312 ||   836
       Punch             |       |       |     6 |    13 ||    19
Throw: Large rock        |       |     4 |     1 |       ||     5
 Cast: Shroud of Golubri |       |     1 |       |       ||     1
Invok: Minor Destruction |       |       |       |     8 ||     8
Evoke: Wand              |       |       |     3 |     7 ||    10
  Use: Potion            |       |     2 |     4 |     2 ||     8
       Scroll            |       |       |     8 |     8 ||    16
 Stab: Sleeping          |       |       |     1 |       ||     1
  Eat: Chunk             |    11 |     8 |    16 |    22 ||    57
Armor: Robe              |    46 |    58 |    34 |    27 ||   165
       Skin              |       |       |    17 |       ||    17
       Troll leather arm |       |       |       |    59 ||    59
Dodge: Dodged            |    87 |    97 |   157 |   227 ||   568
